 Dungeon Crawl Stone Soup version 0.23.2-1-ga50397a (webtiles) character file.

Game seed: 9743696539581990342

90194 MalarOregon the Impaler (level 15, 0/129 HPs)
             Began as a Merfolk Gladiator on May 7, 2019.
             Was a High Priest of Nemelex Xobeh.
             Shot with a bolt by a naga sharpshooter (4 damage)
             ... on level 2 of the Snake Pit.
             The game lasted 01:05:17 (27673 turns).

MalarOregon the Impaler (Merfolk Gladiator)        Turns: 27673, Time: 01:05:17

Health: 0/129      AC: 18    Str: 28    XL:     15   Next: 99%
Magic:  22/22      EV: 18    Int:  7    God:    Nemelex Xobeh [*****.]
Gold:   1561       SH: 14    Dex: 18    Spells: 14/14 levels left

rFire    . . .     SeeInvis .   Y - +5 spear of the Median {speed, rC+ Str+8}
rCold    + . .     Gourm    .   F - +0 shield of Lethargy {rElec Dex-2 Slay+3}
rNeg     + + .     Faith    .   W - +0 ring mail "Inlyis" {rPois rN++ MR+}
rPois    +         Spirit   .   T - +1 helmet
rElec    +         Reflect  +   G - +0 cloak
rCorr    .         Harm     .   Z - +2 pair of gloves {archery}
MR       +++..                  L - +2 pair of boots
Stlth    +.........             r - +2 amulet of reflection
HPRegen  0.31/turn              l - ring of protection from magic
MPRegen  0.18/turn              U - +3 ring of dexterity

@: lethally poisoned (0 -> -3), studying Polearms
A: change form in water, swift swim, stealthy swim
a: Draw Escape, Draw Destruction, Draw Summoning, Triple Draw, Deal Four, Stack
Five, Renounce Religion


You were on level 2 of the Snake Pit.
You worshipped Nemelex Xobeh.
Nemelex Xobeh was extremely pleased with you.
You were very hungry.

You visited 5 branches of the dungeon, and saw 21 of its levels.
You also visited: Ossuary.

You collected 2237 gold pieces.
You spent 676 gold pieces at shops.

Inventory:

Hand Weapons
 a - a +1 trident of freezing
   (You took it off a gnoll sergeant on level 9 of the Dungeon)
 b - a +2 trident of protection
   (You took it off an orc priest on level 8 of the Dungeon)
 Y - the +5 spear of the Median (weapon) {speed, rC+ Str+8}
   (You found it on level 5 of the Lair of Beasts)

   Attacks with this weapon are significantly faster.
   It affects your strength (+8).
   It protects you from cold.
Missiles
 J - 5 throwing nets (quivered) {!f}
Armour
 F - the +0 shield of Lethargy (worn) {rElec Dex-2 Slay+3}
   (You found it on level 1 of the Snake Pit)

   It affects your dexterity (-2).
   It affects your accuracy and damage with ranged weapons and melee attacks
   (+3).
   It insulates you from electricity.
 G - a +0 cloak (worn)
   (You took it off Crazy Yiuf on level 7 of the Dungeon)
 L - a +2 pair of boots (worn)
   (You found it on level 1 of the Snake Pit)
 T - a +1 helmet (worn)
   (You found it on level 2 of the Lair of Beasts)
 W - the +0 ring mail "Inlyis" (worn) {rPois rN++ MR+}
   (You found it on level 3 of the Lair of Beasts)

   It protects you from poison.
   It greatly protects you from negative energy.
   It affects your resistance to hostile enchantments.
 Z - a +2 pair of gloves of archery (worn)
   (You bought it in a shop on level 2 of the Orcish Mines)
Jewellery
 h - an uncursed ring of wizardry
   (You found it on level 1 of the Dungeon)
 l - a ring of protection from magic (left hand)
   (You found it on level 6 of the Dungeon)
 o - an uncursed ring of protection from cold
   (You found it on level 4 of the Lair of Beasts)
 r - a +2 amulet of reflection (around neck)
   (You found it on level 1 of the Snake Pit)
 A - an uncursed ring of resist corrosion
   (You found it on level 4 of the Dungeon)
 N - an uncursed amulet of regeneration
   (You found it on level 2 of the Dungeon)
 U - a +3 ring of dexterity (right hand)
   (You found it on level 2 of the Lair of Beasts)
Wands
 d - a wand of iceblast (17)
   (You found it on level 8 of the Dungeon)
 i - a wand of polymorph (4)
   (You took it off an orc wizard on level 5 of the Dungeon)
 t - a wand of flame (31)
   (You bought it in a shop on level 6 of the Dungeon)
 u - a wand of paralysis (34)
   (You found it on level 6 of the Dungeon)
 v - a wand of enslavement (10)
   (You took it off a naga on level 2 of the Snake Pit)
 x - a wand of acid (5)
   (You found it on level 8 of the Dungeon)
 E - a wand of scattershot (7)
   (You found it on level 7 of the Dungeon)
Scrolls
 n - 10 scrolls of teleportation {@r4}
 q - 3 scrolls of identify {@r1}
 w - 6 scrolls of enchant weapon
 B - 2 scrolls of blinking
 C - 4 scrolls of enchant armour
 I - 8 scrolls of remove curse {@r2}
 R - 2 scrolls of immolation {!r}
 V - 2 scrolls of magic mapping
 X - a scroll of fear
Potions
 f - 3 potions of magic
 g - 5 potions of lignification {!q}
 j - 4 potions of curing {@q1}
 k - 10 potions of heal wounds {@q2}
 m - 3 potions of invisibility
 p - 2 potions of mutation {!q}
 z - 5 potions of haste {@q3}
 D - a potion of ambrosia
 H - a potion of agility
 K - 2 potions of brilliance
 P - a potion of resistance
 S - 4 potions of cancellation
Books
 y - a manual of Polearms {!d}
   (You found it on level 6 of the Lair of Beasts)
Miscellaneous
 c - a phantom mirror
 s - a fan of gales
   (You found it on level 10 of the Dungeon)
Comestibles
 e - 35 rations {!d}


   Skills:
 + Level 15.6 Fighting
 + Level 16.2 Polearms
 - Level 2.0 Throwing
 + Level 10.5 Armour
 + Level 11.5 Dodging
 + Level 6.2 Shields
 - Level 10.0 Invocations
 - Level 10.0 Evocations


You had 14 spell levels left.
You didn't know any spells.
Your spell library contained the following spells:

 Spells                   Type           Power        Failure   Level  Hunger
 Animate Skeleton         Necr           N/A          89%         1    ##.....
 Apportation              Tloc           #.....       89%         1    ##.....
 Confusing Touch          Hex            #.....       89%         1    ##.....
 Sandblast                Erth           #.....       89%         1    ##.....
 Summon Small Mammal      Summ           #...         89%         1    ##.....
 Poisonous Vapours        Pois/Air       #.....       96%         2    ###....
 Sublimation of Blood     Necr           #.........   96%         2    ###....
 Conjure Flame            Conj/Fire      #.......     99%         3    ####...
 Ignite Poison            Fire/Tmut/Pois #.......     99%         3    ####...
 Mephitic Cloud           Conj/Pois/Air  #.......     99%         3    ####...
 Static Discharge         Conj/Air       #.......     99%         3    ####...
 Leda's Liquefaction      Hex/Erth       #.........   100%        4    #####..
 Petrify                  Tmut/Erth      #.......     100%        4    #####..
 Alistair's Intoxication  Tmut/Pois      #.......     100%        5    ######.
 Bolt of Magma            Conj/Fire/Erth #.........   100%        5    ######.
 Irradiate                Conj/Tmut      #.........   100%        5    ######.
 Lightning Bolt           Conj/Air       #.........   100%        5    ######.
 Freezing Cloud           Conj/Ice/Air   #.........   100%        6    #######
 Poison Arrow             Conj/Pois      #.........   100%        6    #######
 Statue Form              Tmut/Erth      #........    100%        6    #######
 Ring of Flames           Chrm/Fire      #.........   100%        7    #######
 Chain Lightning          Conj/Air       #.........   100%        8    #######
 Ignition                 Fire           #.........   100%        8    #######
 Lehudib's Crystal Spear  Conj/Erth      #.........   100%        8    #######
 Fire Storm               Conj/Fire      #.........   100%        9    #######
 Glaciate                 Conj/Ice       #.........   100%        9    #######
 Shatter                  Erth           #.........   100%        9    #######
 Tornado                  Air            #.........   100%        9    #######


Dungeon Overview and Level Annotations

Branches:
Dungeon (10/15)            Temple (1/1) D:7            Lair (6/6) D:10
  Swamp (0/4) Lair:4        Snake (2/4) Lair:4        Slime (0/5) Lair:5
    Orc (2/2) D:9             Elf (0/3) Orc:2

Altars:
Ashenzari
Cheibriados
Dithmenos
Elyvilon
Fedhas
Gozag
Hepliaklqana
Kikubaaqudgha
Makhleb
Nemelex Xobeh
Okawaru
Qazlal
Ru
Sif Muna
Trog
Uskayaw
Vehumet
Wu Jian
Xom
Yredelemnul
Zin
The Shining One
Beogh

Shops:
D:6 }   D:9 %   Orc:2 [?((

Portals:
Trove: D:10 (give +2 storm dragon scales)

Annotations:
Snake:2 Nys Cevy's ghost, adept TrFi


Message History

Okay, then.
Unknown command.
You draw a card...
You have drawn Pain.
Aim: Nys Cevy's ghost The bolt of negative energy hits Nys Cevy's ghost.
Nys Cevy's ghost completely resists.
The bolt of negative energy hits the shock serpent!!
The shock serpent is drained!
The shock serpent's electric aura discharges, shocking you!
You resist.
You feel sick.
You hit Nys Cevy's ghost but do no damage.
You feel sick.
Nys Cevy's ghost says, "Let nature run its course against you!"
You block Nys Cevy's ghost's attack.
You hit Nys Cevy's ghost but do no damage.
You hit Nys Cevy's ghost.
You feel sick.
You hit Nys Cevy's ghost.
Nys Cevy's ghost shrieks, "They lied to you.
The Dungeon just goes down and down forever."
You block Nys Cevy's ghost's attack.
You hit Nys Cevy's ghost but do no damage.
You feel sick.
You hit Nys Cevy's ghost but do no damage.
Nys Cevy's ghost hits you!!!
* * * LOW HITPOINT WARNING * * *
You draw a card...
You have drawn the Orb.
Aim: Nys Cevy's ghost (lightly damaged)
The wavering orb of destruction weakly hits Nys Cevy's ghost!
You feel sick. You block Nys Cevy's ghost's attack.
You draw a card...
You have drawn Wild Magic.
The shock serpent is struck by twisting air!
The naga is moving more slowly.
The naga sharpshooter is caught in an explosion of flying shrapnel!
The explosion engulfs the naga sharpshooter!
The explosion engulfs the shock serpent!
The shock serpent dies!
The explosion engulfs the naga!
You feel a surge of magic.
You feel sick. Nys Cevy's ghost hits you!!
* * * LOW HITPOINT WARNING * * *
You feel sick.
The naga sharpshooter gestures wildly while chanting.
The naga sharpshooter magically shoots an arrow.
You reflect the arrow off an invisible shield around you!
You feel sick.
The naga sharpshooter mumbles some strange words.
The naga sharpshooter magically shoots a bolt.
The bolt hits you.
You die...
Your body glows with a rainbow of weird colours and disappears.

..<..f8...####.##.#.....######...
............##..#.[..........###.
8...8...###..##..#...........# #≈
...(...## ##....NN.......(...# #≈
#.....######..##.#########N..# #.
####### #.....##N#.......#...####
#.....##W#.|.#...#SN)#...
#......#.#.}#.#..'.......
#......#@#.......'...[...
#........#..#[#..'.......
#....#...#.).#...#...).).
####.###)#.......#.....(. #<#
#.#########......) #.#
#...............(. ###.#
###............... #...#
##............).).
#.#####.................


You could see 2 naga sharpshooters, a naga (petrifying) and Nys Cevy's ghost.

Vanquished Creatures
  A nagaraja (Snake:2)
  An orc warlord (Orc:2)
  An emperor scorpion (Snake:1)
  Erolcha (Orc:2)
  An ice dragon (Orc:2)
  5 naga warriors
  7 hydras
  An anaconda (Snake:1)
  2 shambling mangroves
  2 two-headed ogres
  4 orc high priests (Orc:2)
  A shock serpent (Snake:1)
  2 naga sharpshooters (Snake:1)
  Urug (Orc:2)
  The ghost of HEYYEYAAE the Spear-Bearer, a novice DgGl (D:8)
  5 orc knights (Orc:2)
  2 unseen horrors (D:10)
  3 naga ritualists
  An oklob plant (Lair:3)
  6 mana vipers
  6 orc sorcerers
  2 guardian serpents
  8 elephants
  2 naga magi
  A salamander (Snake:1)
  18 black mambas
  The ghost of buskinjo the Cleaver, a novice HOFi (D:4)
  3 centaur skeletons
  3 spiny frogs
  A gargoyle (D:10)
  9 komodo dragons
  3 rime drakes
  6 trolls
  4 wandering mushrooms
  7 polar bears
  A queen bee (Lair:4)
  9 hornets
  8 hippogriffs
  5 blink frogs
  A dream sheep (Lair:6)
  Sigmund (D:4)
  12 spriggans
  A wraith (Ossuary)
  24 yaks
  3 wyverns (Lair:5)
  A hog (Lair:2)
  A golden eye (shapeshifter) (Lair:5)
  A golden eye (Lair:5)
  5 vampire mosquitoes (Lair:4)
  4 basilisks
  A hungry ghost (D:7)
  6 wargs (Orc:2)
  An acid dragon (Lair:3)
  18 nagas
  11 water moccasins
  7 porcupines
  Duvessa (D:4)
  4 black bears
  An eye of draining (D:10)
  4 sky beasts
  43 orc warriors
  5 necrophages
  8 centaurs
  30 wolves
  4 boggarts (Lair:6)
  12 crocodiles
  20 ogres
  2 big kobolds
  A gnoll sergeant (D:9)
  16 bullfrogs
  Dowan (D:4)
  2 scorpions (D:4)
  3 killer bees (D:7)
  2 electric eels
  3 wights (D:8)
  A crimson imp (D:6)
  2 hounds
  A quasit (D:9)
  A bullfrog zombie (D:6)
  A jelly (shapeshifter) (D:10)
  A jelly (D:9)
  38 orc priests
  Crazy Yiuf (D:7)
  A gnoll shaman (D:5)
  An iguana (Lair:5)
  Terence (D:3)
  Natasha (thrice) (D:4)
  24 orc wizards
  6 worker ants
  A hound skeleton (D:5)
  4 mummies
  Robin (D:4)
  6 gnolls
  4 adders
  2 shadow imps (D:8)
  An ooze (D:3)
  An adder zombie (D:5)
  3 worms (D:2)
  3 dart slugs (D:2)
  3 leopard geckos
  115 orcs
  8 giant cockroaches
  10 goblins
  13 hobgoblins
  14 jackals
  18 kobolds
  3 quokkas
  2 ball pythons
  9 bats
  8 frilled lizards
  4 goblin zombies
  2 hobgoblin zombies (Ossuary)
  A jackal skeleton (D:8)
  4 kobold zombies
  3 leopard gecko skeletons
  5 rats
  2 fungi (D:10)
737 creatures vanquished.

Vanquished Creatures (collateral kills)
  A shadow dragon (Lair:4)
  The ghost of Fuxod the Fighter, a journeyman GnWn of Xom (Lair:3)
  3 anacondas (Snake:2)
  2 naga warriors (Snake:2)
  A naga sharpshooter (Snake:2)
  A naga ritualist (Snake:2)
  2 mana vipers (Snake:2)
  A naga mage (Snake:2)
  2 black mambas (Snake:2)
  A jumping spider (Lair:3)
  A spriggan (Lair:6)
  3 nagas (Snake:2)
  2 big kobolds (Lair:3)
21 creatures vanquished.

Vanquished Creatures (others)
  The ghost of Curus the Basher, a journeyman MiBe of Trog (Lair:2)
  A shock serpent (Snake:2)
  A mana viper (Snake:1)
  A guardian serpent (Snake:1)
  A naga mage (Snake:1)
  A naga (Snake:1)
  A ball lightning (Lair:2)
  2 orcs
  A bush (Lair:6)
  22 fungi
  18 plants
50 creatures vanquished.

Grand Total: 808 creatures vanquished

Notes
Turn   | Place    | Note
-------+----------+-------------------------------------------
     0 | D:1      | MalarOregon the Merfolk Gladiator began the quest for the
                  | Orb.
     0 | D:1      | Reached XP level 1. HP: 16/16 MP: 1/1
   372 | D:1      | Reached XP level 2. HP: 22/23 MP: 2/2
   425 | D:1      | Found a sacrificial altar of Ru.
   427 | D:1      | Reached skill level 5 in Polearms
   878 | D:2      | Reached XP level 3. HP: 28/28 MP: 3/3
  1312 | D:2      | Found a snail-covered altar of Cheibriados.
  1529 | D:2      | Reached XP level 4. HP: 35/35 MP: 4/4
  1536 | D:2      | Reached skill level 6 in Polearms
  2064 | D:2      | Reached XP level 5. HP: 31/42 MP: 5/5
  2110 | D:3      | Found a hide-covered altar of Uskayaw.
  2173 | D:3      | Reached skill level 7 in Polearms
  2230 | D:3      | Noticed Terence
  2249 | D:3      | Killed Terence
  2443 | D:4      | Noticed Robin
  2484 | D:4      | Killed Robin
  2488 | D:4      | Reached XP level 6. HP: 50/50 MP: 6/6
  2503 | D:4      | Found a transporter.
  2503 | D:4      | Noticed buskinjo's ghost (novice HOFi)
  2504 | D:4      | Identified the +4 great mace of Afaolaa {crush, *Corrode
                  | rElec Str+5 Int-5}
  2507 | D:4      | Found a transporter.
  2513 | D:4      | Noticed Natasha
  2523 | D:4      | Killed Natasha
  2583 | D:4      | Reached skill level 5 in Fighting
  2620 | D:4      | Reached skill level 8 in Polearms
  2960 | D:4      | Reached skill level 9 in Polearms
  2984 | D:4      | Noticed Sigmund
  3032 | D:4      | Killed Sigmund
  3032 | D:4      | Reached skill level 10 in Polearms
  3032 | D:4      | Reached XP level 7. HP: 50/56 MP: 7/7
  3071 | D:4      | Noticed Natasha
  3080 | D:4      | Killed Natasha
  3167 | D:4      | Noticed Duvessa
  3167 | D:4      | Noticed Dowan
  3179 | D:4      | Killed Duvessa
  3179 | D:4      | Reached skill level 11 in Polearms
  3183 | D:4      | Killed Dowan
  3231 | D:4      | Reached XP level 8. HP: 56/62 MP: 8/8
  3417 | D:4      | Noticed Natasha
  3434 | D:4      | Killed Natasha
  3449 | D:4      | Reached skill level 12 in Polearms
  4213 | D:4      | Killed buskinjo's ghost
  4213 | D:4      | Reached skill level 13 in Polearms
  4379 | D:5      | Entered Level 5 of the Dungeon
  4504 | D:5      | Found a sand-covered staircase.
  4511 | D:5      | Reached skill level 14 in Polearms
  4514 | Ossuary  | Entered an ossuary
  4514 | Ossuary  | Noticed a wraith
  4514 | Ossuary  | Noticed a wraith
  4514 | Ossuary  | Noticed a wraith
  4748 | Ossuary  | Noticed a wraith
  4770 | Ossuary  | Killed a wraith
  4770 | Ossuary  | Reached skill level 1 in Armour
  4770 | Ossuary  | Reached XP level 9. HP: 32/68 MP: 9/9
  5289 | D:5      | Reached skill level 5 in Dodging
  5606 | D:6      | Found Tufyaze's Gadget Boutique.
  5620 | D:6      | Bought a wand of flame (16) for 99 gold pieces
  5620 | D:6      | Bought a wand of polymorph (11) for 143 gold pieces
  6190 | D:7      | Found a staircase to the Ecumenical Temple.
  6312 | D:7      | Identified the Almanac of Earth
  6316 | Temple   | Entered the Ecumenical Temple
  6650 | Temple   | Became a worshipper of Nemelex Xobeh the Trickster
  6720 | D:7      | Got a jewelled mace
  6723 | D:7      | Found a runed translucent door.
  6724 | D:7      | Noticed Crazy Yiuf
  6740 | D:7      | Received a gift from Nemelex Xobeh
  6824 | D:7      | Reached skill level 1 in Invocations
  6830 | D:7      | Reached skill level 1 in Evocations
  7434 | D:7      | Killed Crazy Yiuf
  7634 | D:8      | Received a gift from Nemelex Xobeh
  7661 | D:8      | Reached skill level 1 in Shields
  7705 | D:8      | Reached XP level 10. HP: 75/77 MP: 12/12
  7732 | D:8      | Noticed a two-headed ogre
  7744 | D:8      | Killed a two-headed ogre
  7753 | D:8      | Reached * piety under Nemelex Xobeh
  8148 | D:8      | Found a runed translucent gate.
  8149 | D:8      | Found a runed translucent gate.
  8150 | D:8      | Found a runed translucent gate.
  8151 | D:8      | Found a roughly hewn altar of Beogh.
  8151 | D:8      | Noticed HEYYEYAAE's ghost (novice DgGl)
  8522 | D:8      | Killed HEYYEYAAE's ghost
  8641 | D:8      | Identified the +3 mace "Erucuem" {crush, rPois rC+ SInv}
                  | (You found it on level 7 of the Dungeon)
  8872 | D:9      | Reached XP level 11. HP: 44/86 MP: 14/14
  9035 | D:9      | Received a gift from Nemelex Xobeh
  9154 | D:9      | Found Soushrass's Food Shoppe.
  9451 | D:9      | Found a staircase to the Orcish Mines.
  9540 | D:10     | Entered Level 10 of the Dungeon
  9594 | D:10     | Found a portal to a secret trove of treasure.
  9705 | D:10     | Killed an unseen horror
  9705 | D:10     | Reached skill level 10 in Dodging
  9780 | D:10     | Received a gift from Nemelex Xobeh
  9869 | D:10     | Reached ** piety under Nemelex Xobeh
  9934 | D:10     | Found a staircase to the Lair.
  9999 | D:10     | Reached skill level 10 in Fighting
 10335 | D:10     | Killed an unseen horror
 10335 | D:10     | Reached skill level 5 in Invocations
 10335 | D:10     | Reached skill level 5 in Evocations
 10414 | D:10     | Noticed Psyche
 10416 | D:10     | Noticed Psyche
 10416 | D:10     | Psyche changed into Psyche the hornet
 10421 | D:10     | Killed Psyche the hornet
 10637 | Lair:1   | Entered Level 1 of the Lair of Beasts
 10859 | Lair:1   | Received a gift from Nemelex Xobeh
 11043 | Lair:1   | Reached *** piety under Nemelex Xobeh
 11131 | Lair:1   | Received a gift from Nemelex Xobeh
 11208 | Lair:1   | Reached XP level 12. HP: 80/97 MP: 15/17
 11469 | Lair:2   | Noticed a five-headed hydra
 11572 | Lair:2   | Killed a five-headed hydra
 11663 | Lair:2   | Noticed an eight-headed hydra
 12049 | Lair:2   | Found a runed translucent door.
 12052 | Lair:2   | Noticed Curus's ghost (journeyman MiBe)
 12067 | Lair:2   | Reached skill level 5 in Armour
 12090 | Lair:2   | Killed Curus's ghost
 12226 | Lair:2   | Received a gift from Nemelex Xobeh
 12379 | Lair:2   | Killed an eight-headed hydra
 12403 | Lair:2   | You fall through a shaft!
 12425 | Lair:3   | Noticed Fuxod's ghost (journeyman GnWn)
 12432 | Lair:3   | Found a transporter.
 12467 | Lair:3   | Noticed a four-headed hydra
 12482 | Lair:3   | Killed a four-headed hydra
 12980 | Lair:3   | Reached **** piety under Nemelex Xobeh
 13002 | Lair:3   | Noticed Rupert
 13174 | Lair:3   | Received a gift from Nemelex Xobeh
 13241 | Lair:3   | Noticed Snorg
 13348 | Lair:3   | Noticed an eight-headed hydra
 13356 | Lair:3   | Killed an eight-headed hydra
 13389 | Lair:3   | Found a transporter.
 13487 | Lair:3   | Received a gift from Nemelex Xobeh
 13614 | Lair:3   | Found an opulent altar of Gozag.
 13618 | Lair:3   | Reached XP level 13. HP: 96/103 MP: 20/20
 14490 | Lair:3   | Got a transparent ring mail
 14506 | Lair:3   | Identified the +0 ring mail "Inlyis" {rPois rN++ MR+} (You
                  | found it on level 3 of the Lair of Beasts)
 14545 | Lair:3   | Killed Fuxod's ghost
 14685 | Lair:4   | Reached skill level 10 in Invocations
 14735 | Lair:4   | HP: 1/103 [Snorg (15)]
 15236 | Lair:4   | Received a gift from Nemelex Xobeh
 15243 | Lair:4   | Noticed Rupert
 15243 | Lair:4   | Rupert changed into Rupert the shadow dragon
 15245 | Lair:4   | Identified the +0 hand axe "Asoiplej" {protect, rPois rN+
                  | Dex+3}
 15254 | Lair:4   | Killed Rupert the shadow dragon
 15277 | Lair:4   | Found a staircase to the Snake Pit.
 15348 | Lair:4   | Found a staircase to the Swamp.
 15460 | Lair:4   | Noticed Snorg
 15460 | Lair:4   | Snorg changed into Snorg the queen bee
 15464 | Lair:4   | Killed Snorg the queen bee
 15643 | Lair:5   | Found a staircase to the Slime Pits.
 15655 | Lair:5   | Reached skill level 10 in Evocations
 16316 | Lair:5   | Received a gift from Nemelex Xobeh
 16405 | Lair:5   | Got an iridescent spear
 16818 | Lair:6   | Entered Level 6 of the Lair of Beasts
 16819 | Lair:6   | Identified the +5 spear of the Median {speed, rC+ Str+8}
                  | (You found it on level 5 of the Lair of Beasts)
 17388 | Lair:6   | Reached XP level 14. HP: 110/110 MP: 21/21
 17617 | Lair:6   | Reached skill level 10 in Armour
 17850 | Lair:6   | Reached ***** piety under Nemelex Xobeh
 17850 | Lair:6   | Received a gift from Nemelex Xobeh
 18730 | Lair:4   | Found a staircase to the Swamp.
 19067 | Lair:4   | Found a staircase to the Snake Pit.
 19360 | Orc:1    | Entered Level 1 of the Orcish Mines
 20377 | Orc:2    | Entered Level 2 of the Orcish Mines
 20377 | Orc:2    | Received a gift from Nemelex Xobeh
 20402 | Orc:2    | Noticed Erolcha
 20405 | Orc:2    | Killed Erolcha
 20418 | Orc:2    | Noticed Urug
 20460 | Orc:2    | Killed Urug
 20699 | Orc:2    | Noticed a stone giant
 20721 | Orc:2    | Noticed a fire giant
 20721 | Orc:2    | a stone giant changed into a fire giant
 20727 | Orc:2    | a fire giant changed into an ice dragon
 20744 | Orc:2    | Got a slimy ring mail
 21399 | Orc:2    | Received a gift from Nemelex Xobeh
 21414 | Orc:2    | Found a staircase to the Elven Halls.
 21740 | Orc:2    | Noticed an orc warlord
 21800 | Orc:2    | Killed an orc warlord
 21971 | Orc:2    | Found a roughly hewn altar of Beogh.
 21993 | Orc:2    | Found Ete Ruwn's Antique Armour Boutique.
 22052 | Orc:2    | Bought a shiny chain mail for 217 gold pieces
 22052 | Orc:2    | Bought a pair of runed gloves for 217 gold pieces
 22072 | Orc:2    | Identified the +4 ring mail "Baxt" {rElec MR+ Str+3 Dex-3}
                  | (You found it on level 2 of the Orcish Mines)
 22227 | Orc:2    | Found Godwex's Magic Scroll Emporium.
 22365 | Orc:2    | Found Fuet Ser's Weapon Shop.
 22397 | Orc:2    | Found Ammeampi's Weapon Boutique.
 22455 | Orc:2    | Reached XP level 15. HP: 126/127 MP: 22/22
 22480 | Orc:2    | Found a roughly hewn altar of Beogh.
 23018 | Snake:1  | Entered Level 1 of the Snake Pit
 23018 | Snake:1  | Noticed Asterion
 23019 | Snake:1  | Noticed Asterion
 23019 | Snake:1  | Asterion changed into Asterion the emperor scorpion
 23063 | Snake:1  | Killed Asterion the emperor scorpion
 23472 | Snake:1  | Got a faintly humming shield
 23483 | Snake:1  | Identified the +0 shield of Lethargy {rElec Dex-2 Slay+3}
                  | (You found it on level 1 of the Snake Pit)
 23552 | Snake:1  | Reached skill level 15 in Fighting
 24586 | Snake:1  | Reached skill level 5 in Shields
 25246 | Snake:2  | Reached skill level 15 in Polearms
 25331 | Snake:2  | HP: 6/129 [poisoned by a naga mage (splash of poison)]
 25726 | Snake:2  | Found a runed translucent gate.
 25726 | Snake:2  | Found a runed translucent gate.
 25726 | Snake:2  | Found a runed translucent gate.
 25726 | Snake:2  | Received a gift from Nemelex Xobeh
 25754 | Snake:2  | Noticed Nys Cevy's ghost (adept TrFi)
 26450 | Snake:2  | Received a gift from Nemelex Xobeh
 26544 | Snake:2  | Noticed a nagaraja
 26592 | Snake:2  | Killed a nagaraja
 26592 | Snake:2  | Reached skill level 16 in Polearms
 27048 | Snake:2  | Found a runed translucent gate.
 27048 | Snake:2  | Found a runed translucent gate.
 27048 | Snake:2  | Found a runed translucent gate.
 27671 | Snake:2  | HP: 6/129 [Nys Cevy's ghost (24)]
 27673 | Snake:2  | Shot with a bolt by a naga sharpshooter

Skill      XL: |  1  2  3  4  5  6  7  8  9 10 11 12 13 14 15 |
---------------+----------------------------------------------+-----
Polearms       | 5 6 7 10 11 14 16 | 16.2
Fighting       | 3 4 5 6 8 10 14 15 | 15.6
Armour         | 1 3 4 6 9 10 | 10.5
Dodging        | 6 8 10 11 | 11.5
Invocations    | 2 4 6 9 10 | 10.0
Evocations     | 2 4 6 8 10 | 10.0
Shields        | 1 4 6 |  6.2
Throwing       | |  2.0

Action                   |  1- 3 |  4- 6 |  7- 9 | 10-12 | 13-15 || total
-------------------------+-------+-------+-------+-------+-------++-------
Melee: Trident           |   132 |   264 |   492 |  1040 |   433 ||  2361
       Tailslap          |       |       |       |     2 |     1 ||     3
       Spear             |       |       |       |       |  2428 ||  2428
Invok: Deal Four         |       |       |       |       |     3 ||     3
 Abil: Draw Destruction  |       |       |       |    16 |    29 ||    45
       Draw Summoning    |       |       |       |       |     4 ||     4
Evoke: Wand              |       |       |       |     5 |    18 ||    23
       Fan of gales      |       |       |       |       |     1 ||     1
       Sack of spiders   |       |       |       |       |     1 ||     1
  Use: Scroll            |       |     8 |     6 |     9 |    12 ||    35
       Potion            |       |       |       |       |     2 ||     2
 Stab: Sleeping          |     1 |       |       |       |     1 ||     2
       Paralysed         |       |       |       |     7 |       ||     7
       Distracted        |       |       |       |       |     4 ||     4
  Eat: Chunk             |     2 |     5 |    10 |    19 |    31 ||    67
       Ration            |       |       |     2 |       |     4 ||     6
Armor: Leather armour    |    19 |     7 |       |       |       ||    26
       Chain mail        |       |   104 |   112 |   120 |       ||   336
       Scale mail        |       |       |       |   150 |     2 ||   152
       Ring mail         |       |       |       |       |   319 ||   319
Dodge: Dodged            |    65 |   106 |   106 |   409 |   862 ||  1548
Block: Buckler           |       |       |     8 |   159 |   215 ||   382
       Shield            |       |       |       |       |   218 ||   218
       Reflection        |       |       |       |       |    17 ||    17
